AoeStats
← Biodox

Arena

505687344Analyzed
4v4 RM · 22d ago on Sep 10, 2026· 45m 3s· 8 players
Game mode
Random Map
Map size
Large (8 player)
Population
200
Speed
Normal
Resources
Standard
Victory
Conquest
Starting age
Dark Age
Ending age
Imperial Age
RankedLock teamsTeams togetherTeam positionsShared explorationLock speedFull tech treeHidden civsTurbo modeCheats
Victory
Defeat
🇹🇷 Vikings · Türkiye
1349
+13
🇺🇸 Gurjaras · United States
1327
+13
🇯🇵 Muisca · Japan
1309
+14
🇳🇴 Persians · Norway
1299
+15
🇹🇼 Japanese · Taiwan
1312
-15
🇹🇼 Franks · Taiwan
1293
-15
🇹🇼 Turks · Taiwan
1278
-14
🇹🇼 Persians · Taiwan
1194
-11
Biodox
10:01 Feudal Age
12:19 Loom
14:56 Castle Age
13:00 Double-Bit Axe
13:41 Gold Mining
13:40 Horse Collar
16:23 Wheelbarrow
23:44 Hand Cart
23:46 Town Watch
27:06 Ballistics
28:32 Heavy Plow
32:43 Imperial Age
30:36 Bow Saw
31:28 Gold Shaft Mining
30:44 Stone Mining
33:04 Scale Barding Armor
33:32 Bloodlines
34:04 Crop Rotation
33:58 Fortified Wall
34:14 Chain Barding Armor
33:20 Heavy Camel Rider
34:01 Husbandry
34:47 Masonry
36:14 Plate Barding Armor
35:49 Forging
36:27 Conscription
36:44 Kshatriyas
38:14 Frontier Guards
39:19 Iron Casting
40:15 Stone Shaft Mining
40:55 Siege Elephant
42:15 Fletching
42:30 Scale Mail Armor
44:16 Architecture
44:47 Chemistry
43:44 Murder Holes
43:31 Treadmill Crane
ohawan12312
10:57 Feudal Age
12:24 Loom
16:04 Castle Age
14:14 Horse Collar
14:48 Double-Bit Axe
15:26 Gold Mining
16:51 Wheelbarrow
17:11 Bow Saw
18:12 Sanctity
19:26 Fervor
22:59 Redemption
29:09 Hand Cart
33:32 Imperial Age
31:26 Heavy Plow
32:01 Fletching
32:12 Padded Archer Armor
32:56 Ballistics
32:55 Bodkin Arrow
33:02 Bodkin Arrow
33:56 Squires
33:59 Scale Mail Armor
34:12 Forging
34:40 Conscription
33:42 Elite Guecha Warrior
34:24 Bracer
35:05 Theocracy
34:46 Block Printing
34:53 Pikeman
35:57 Leather Archer Armor
37:34 Chemistry
38:20 Gold Shaft Mining
38:05 Chain Mail Armor
38:25 Iron Casting
39:18 Plate Mail Armor
40:29 Siege Engineers
42:45 Illumination
44:41 Herbalism
SimoHayhha
10:36 Feudal Age
14:07 Castle Age
11:56 Double-Bit Axe
16:47 Loom
16:58 Horse Collar
20:41 Bow Saw
23:17 Town Watch
24:15 Wheelbarrow
23:57 Heavy Plow
24:10 Gold Mining
24:15 Stone Mining
25:58 Scale Barding Armor
26:03 Forging
26:03 Scale Barding Armor
26:31 Hand Cart
28:45 Iron Casting
28:37 Town Watch
30:24 Gold Shaft Mining
30:26 Stone Shaft Mining
32:33 Imperial Age
29:52 Town Watch
30:43 Bloodlines
30:33 Husbandry
32:54 Heavy Camel Rider
33:59 Cavalier
34:45 Town Patrol
36:25 Hoardings
36:35 Conscription
40:22 Blast Furnace
39:43 Chain Barding Armor
42:49 Murder Holes
43:57 Chemistry
43:42 Plate Barding Armor
43:47 Kamandaran
44:52 Caravan
44:24 Crossbowman
45:10 Thumb Ring
45:48 Citadels
TERITKIS
10:46 Feudal Age
15:00 Castle Age
13:20 Double-Bit Axe
14:05 Horse Collar
14:17 Gold Mining
14:17 Stone Mining
16:41 Bow Saw
21:02 Heavy Plow
24:20 Gold Shaft Mining
23:37 Stone Mining
27:35 Imperial Age
26:17 Loom
26:18 Town Watch
26:48 Fletching
28:17 Capped Ram
29:26 Padded Archer Armor
29:23 Crossbowman
30:26 Leather Archer Armor
31:20 Bodkin Arrow
31:46 Arbalester
31:52 Arbalester
32:55 Bracer
32:47 Pikeman
33:28 Squires
34:14 Ring Archer Armor
35:13 Ballistics
35:53 Chemistry
35:09 Bogsveigar
36:24 Masonry
35:54 Treadmill Crane
39:21 Chieftains
39:42 Conscription
39:35 Scale Mail Armor
39:46 Forging
38:59 Pikeman
39:26 Arson
40:47 Town Patrol
41:04 Chain Mail Armor
41:53 Iron Casting
43:57 Plate Mail Armor
44:28 Blast Furnace
43:51 Fortified Wall
43:37 Murder Holes
許大哥
11:13 Feudal Age
12:27 Double-Bit Axe
15:26 Castle Age
13:44 Horse Collar
16:32 Bow Saw
16:23 Heavy Plow
19:50 Loom
21:35 Wheelbarrow
25:06 Town Watch
28:25 Bloodlines
30:32 Hand Cart
32:55 Sipahi
34:30 Husbandry
39:22 Imperial Age
36:53 Fletching
37:41 Thumb Ring
38:16 Ballistics
38:43 Bodkin Arrow
39:45 Padded Archer Armor
40:43 Conscription
40:37 Bracer
40:22 Treadmill Crane
40:40 Heavy Cavalry Archer
42:19 Fortified Wall
43:01 Parthian Tactics
43:13 Leather Archer Armor
42:55 Gold Mining
45:21 Scale Barding Armor
南港包大爺
10:11 Feudal Age
8:27 Loom
14:47 Castle Age
12:41 Double-Bit Axe
13:02 Horse Collar
17:17 Wheelbarrow
23:47 Bow Saw
24:06 Heavy Plow
24:09 Gold Mining
24:28 Stone Mining
33:47 Gold Shaft Mining
35:02 Scale Barding Armor
35:07 Forging
36:44 Bloodlines
36:35 Husbandry
37:00 Chain Barding Armor
37:16 Iron Casting
37:22 Stone Shaft Mining
41:41 Imperial Age
41:21 Elite War Elephant
42:56 Plate Barding Armor
43:21 Blast Furnace
42:27 Elite War Elephant
44:27 Cavalier
王先生
10:59 Feudal Age
11:47 Double-Bit Axe
14:41 Castle Age
15:44 Bow Saw
22:22 Gold Mining
22:22 Stone Mining
23:14 Wheelbarrow
23:19 Stone Mining
24:07 Gold Shaft Mining
26:04 Hand Cart
28:49 Imperial Age
27:03 Scale Barding Armor
27:08 Forging
27:11 Husbandry
28:42 Chain Barding Armor
29:30 Iron Casting
28:42 Loom
28:43 Town Watch
29:18 Cavalier
30:34 Plate Barding Armor
32:46 Blast Furnace
32:52 Conscription
33:29 Paladin
40:30 Chemistry
41:13 Fletching
41:41 Fortified Wall
43:49 Scale Mail Armor
43:45 Bodkin Arrow
43:39 Gambesons
43:54 Squires
43:46 Arson
李大爺
2:53 Loom
11:59 Feudal Age
13:40 Double-Bit Axe
13:39 Horse Collar
16:39 Castle Age
15:24 Gold Mining
18:00 Bow Saw
18:34 Scale Mail Armor
18:45 Forging
21:20 Iron Casting
30:18 Chain Mail Armor
31:14 Fletching
31:28 Loom
32:19 Wheelbarrow
39:33 Imperial Age
37:43 Gold Shaft Mining
39:19 Squires
39:05 Arson
39:28 Pikeman
41:01 Plate Mail Armor
40:58 Conscription
40:33 Halberdier
43:01 Two-Man Saw
44:46 Ballistics
44:08 Treadmill Crane
Connection lost

Rejoining the realm…

Still unreachable

The connection could not be restored.

Session expired

The server has moved on; the page needs a fresh start.